TOP OF THE 1ST |
Mancelona Torch batting - Pitching for Idaho Falls Chukars : LHP Sjaak Bonne
|
Pitching: LHP Sjaak Bonne
|
|
Batting: RHB Henry Lambright
|
0-0: Ball 1-0: Fly out, F9 (Flyball, 9D)
|
Batting: RHB Raúl Ruíz
|
0-0: Swinging Strike 0-1: SINGLE (Groundball, 56)
|
Batting: RHB Juan Carlos Cruz
|
0-0: Called Strike Single, Error in OF, E9, batter to second base Raúl Ruíz to third
|
Batting: RHB Bert Cook
|
0-0: SINGLE (Line Drive, 8RS) Raúl Ruíz scores Juan Carlos Cruz to third Runner from 3rd tries for Home, SAFE, throw made home
|
Batting: RHB Jim Unknown
|
0-0: Called Strike 0-1: Ball 1-1: Ball 2-1: Called Strike 2-2: Foul Ball, location: 2F 2-2: Strikes out swinging
|
Batting: LHB José Hernández
|
0-0: Swinging Strike 0-1: 2-RUN HOME RUN (Flyball, 78XD), Distance : 431 ft
|
Batting: RHB Freddy Carea
|
0-0: Swinging Strike 0-1: Foul Ball, location: 2F 0-2: Ball 1-2: Foul Ball, location: 2F 1-2: Foul Ball, location: 2F 1-2: Ball 2-2: Strikes out looking
|
Top of the 1st over - 4 run(s), 4 hit(s), 1 error(s), 0 left on base; Mancelona 4 - Idaho Falls 0 |
BOTTOM OF THE 1ST |
Idaho Falls Chukars batting - Pitching for Mancelona Torch : LHP António Castillo
|
Pitching: LHP António Castillo
|
|
Batting: LHB Randy Schlosser
|
0-0: Ball 1-0: Foul Ball, location: 2F 1-1: Swinging Strike 1-2: Foul Ball, location: 2F 1-2: Ball 2-2: Foul Ball, location: 2F 2-2: Strikes out swinging
|
Batting: RHB Miguel Luna
|
0-0: Ground out 2-3 (Groundball, 2R)
|
Batting: LHB Ned Durand
|
0-0: Ball 1-0: Ball 2-0: Called Strike 2-1: Called Strike 2-2: Strikes out swinging
|
Bottom of the 1st over - 0 run(s), 0 hit(s), 0 error(s), 0 left on base; Mancelona 4 - Idaho Falls 0 |
TOP OF THE 2ND |
Mancelona Torch batting - Pitching for Idaho Falls Chukars : LHP Sjaak Bonne
|
Batting: RHB Juan Báez
|
0-0: Ground out 1-3 (Groundball, 15)
|
Batting: RHB Jim Unknown
|
0-0: Ball 1-0: Ball 2-0: Foul Ball, location: 2F 2-1: Foul Ball, location: 2F 2-2: Foul Ball, location: 2F 2-2: Foul Ball, location: 2F 2-2: Foul Ball, location: 2F 2-2: Ball 3-2: TRIPLE (Flyball, 9D)
|
Batting: RHB Henry Lambright
|
Balk! Jim Unknown scores 0-0: Called Strike 0-1: Ball 1-1: Called Strike 1-2: Foul Ball, location: 2F 1-2: Hit by Pitch
|
Batting: RHB Raúl Ruíz
|
0-0: Ball Wild Pitch! Henry Lambright to second 1-0: Called Strike 1-1: TRIPLE (Flyball, 8LXD) Henry Lambright scores
|
Batting: RHB Juan Carlos Cruz
|
0-0: Ball 1-0: Ground out 5-3 (Groundball, 5S)
|
Batting: RHB Bert Cook
|
0-0: Ball 1-0: Called Strike 1-1: Fly out, F8 (Flyball, 8RM)
|
Top of the 2nd over - 2 run(s), 2 hit(s), 0 error(s), 1 left on base; Mancelona 6 - Idaho Falls 0 |
BOTTOM OF THE 2ND |
Idaho Falls Chukars batting - Pitching for Mancelona Torch : LHP António Castillo
|
Batting: LHB Ramón Félix
|
0-0: Ball 1-0: Called Strike 1-1: Foul Ball, location: 2F 1-2: Foul Ball, location: 2F 1-2: Strikes out looking
|
Batting: RHB Adrian Rodgers
|
0-0: Ball 1-0: Called Strike 1-1: Ball 2-1: Swinging Strike 2-2: Foul Ball, location: 2F 2-2: SINGLE (Groundball, 56)
|
Batting: RHB Kenny Rush
|
0-0: Grounds into double play, U3-6 (Groundball, 3L)
|
Bottom of the 2nd over - 0 run(s), 1 hit(s), 0 error(s), 0 left on base; Mancelona 6 - Idaho Falls 0 |
TOP OF THE 3RD |
Mancelona Torch batting - Pitching for Idaho Falls Chukars : LHP Sjaak Bonne
|
Batting: RHB Jim Unknown
|
0-0: Called Strike 0-1: Called Strike 0-2: Foul Ball, location: 2F 0-2: Ball 1-2: Foul Ball, location: 2F 1-2: Strikes out swinging
|
Batting: LHB José Hernández
|
0-0: Ball 1-0: Foul Ball, location: 2F 1-1: Reached on Error, E4 (Popup, 4D)
|
Batting: RHB Freddy Carea
|
0-0: Ball 1-0: Called Strike 1-1: Grounds into double play, 5-4-3 (Groundball, 5)
|
Top of the 3rd over - 0 run(s), 0 hit(s), 1 error(s), 0 left on base; Mancelona 6 - Idaho Falls 0 |
BOTTOM OF THE 3RD |
Idaho Falls Chukars batting - Pitching for Mancelona Torch : LHP António Castillo
|
Batting: RHB Ted Stephens
|
0-0: Foul Ball, location: 2F 0-1: Ball 1-1: Swinging Strike 1-2: Ball 2-2: Foul Ball, location: 2F 2-2: Strikes out swinging
|
Batting: SHB Juan Rivas
|
0-0: Ball 1-0: Foul Ball, location: 2F 1-1: Called Strike 1-2: Ball 2-2: Fly out, F5 (Line Drive, 5)
|
Batting: RHB Quigley Gibson
|
0-0: Called Strike 0-1: Ground out 5-3 (Groundball, 56)
|
Bottom of the 3rd over - 0 run(s), 0 hit(s), 0 error(s), 0 left on base; Mancelona 6 - Idaho Falls 0 |
TOP OF THE 4TH |
Mancelona Torch batting - Pitching for Idaho Falls Chukars : LHP Sjaak Bonne
|
Pitching: RHP Folkert van Huizen
|
|
Batting: RHB Juan Báez
|
0-0: Ball 1-0: Foul Ball, location: 2F 1-1: Foul Ball, location: 2F 1-2: Ball 2-2: Ball 3-2: Strikes out swinging
|
Batting: RHB Jim Unknown
|
0-0: Ball 1-0: Ball 2-0: Swinging Strike 2-1: Ball 3-1: Foul Ball, location: 2F 3-2: Strikes out looking
|
Batting: RHB Henry Lambright
|
0-0: Ball 1-0: Called Strike 1-1: Ball 2-1: Swinging Strike 2-2: Strikes out swinging
|
Top of the 4th over - 0 run(s), 0 hit(s), 0 error(s), 0 left on base; Mancelona 6 - Idaho Falls 0 |
BOTTOM OF THE 4TH |
Idaho Falls Chukars batting - Pitching for Mancelona Torch : LHP António Castillo
|
Batting: LHB Randy Schlosser
|
0-0: Ball 1-0: Ball 2-0: Foul Ball, location: 2F 2-1: Foul Ball, location: 2F 2-2: Ball 3-2: Strikes out swinging
|
Batting: RHB Miguel Luna
|
0-0: Ball 1-0: Foul Ball, location: 2F 1-1: Ground out U3 (Groundball, 3L)
|
Batting: LHB Ned Durand
|
0-0: Swinging Strike 0-1: Fly out, F7 (Flyball, 7D)
|
Bottom of the 4th over - 0 run(s), 0 hit(s), 0 error(s), 0 left on base; Mancelona 6 - Idaho Falls 0 |
TOP OF THE 5TH |
Mancelona Torch batting - Pitching for Idaho Falls Chukars : RHP Folkert van Huizen
|
Batting: RHB Raúl Ruíz
|
0-0: Called Strike 0-1: Ground out 5-3 (Groundball, 56S)
|
Batting: RHB Juan Carlos Cruz
|
0-0: Called Strike 0-1: Ball 1-1: Foul Ball, location: 2F 1-2: Reached on error, E5 (Groundball, 56)
|
Batting: RHB Bert Cook
|
0-0: Foul Ball, location: 2F 0-1: Foul Ball, location: 2F 0-2: Strikes out looking
|
Batting: RHB Jim Unknown
|
0-0: Foul Ball, location: 2F 0-1: Ball 1-1: Ground out 4-3 (Groundball, 4)
|
Top of the 5th over - 0 run(s), 0 hit(s), 1 error(s), 1 left on base; Mancelona 6 - Idaho Falls 0 |
BOTTOM OF THE 5TH |
Idaho Falls Chukars batting - Pitching for Mancelona Torch : LHP António Castillo
|
Batting: LHB Ramón Félix
|
0-0: Ball 1-0: Swinging Strike 1-1: Foul Ball, location: 2F 1-2: Strikes out swinging
|
Batting: RHB Adrian Rodgers
|
0-0: Called Strike 0-1: Ball 1-1: Ball 2-1: Foul Ball, location: 2F 2-2: Strikes out swinging
|
Batting: RHB Kenny Rush
|
0-0: Swinging Strike 0-1: Ball 1-1: Ball 2-1: Ball 3-1: Base on Balls
|
Batting: RHB Ted Stephens
|
0-0: SINGLE (Groundball, 56D) Kenny Rush to second
|
Batting: SHB Juan Rivas
|
0-0: Ball 1-0: Called Strike 1-1: Ball 2-1: Swinging Strike 2-2: Ground out 6-3 (Groundball, 6)
|
Bottom of the 5th over - 0 run(s), 1 hit(s), 0 error(s), 2 left on base; Mancelona 6 - Idaho Falls 0 |
TOP OF THE 6TH |
Mancelona Torch batting - Pitching for Idaho Falls Chukars : RHP Folkert van Huizen
|
Batting: LHB José Hernández
|
0-0: Ball 1-0: Swinging Strike 1-1: Ball 2-1: Foul Ball, location: 2F 2-2: Ball 3-2: Foul Ball, location: 2F 3-2: Foul Ball, location: 2F 3-2: Base on Balls
|
Batting: RHB Freddy Carea
|
0-0: Sac Bunt - play at first, batter OUT! 1-3 José Hernández to second
|
Batting: RHB Juan Báez
|
0-0: Fly out, F6 (Line Drive, 6)
|
Batting: RHB Jim Unknown
|
0-0: Foul Ball, location: 2F 0-1: Ball 1-1: Ground out 4-3 (Groundball, 4)
|
Top of the 6th over - 0 run(s), 0 hit(s), 0 error(s), 1 left on base; Mancelona 6 - Idaho Falls 0 |
BOTTOM OF THE 6TH |
Idaho Falls Chukars batting - Pitching for Mancelona Torch : LHP António Castillo
|
Batting: RHB Quigley Gibson
|
0-0: Ball 1-0: Foul Ball, location: 2F 1-1: Foul Ball, location: 2F 1-2: Strikes out swinging
|
Batting: LHB Randy Schlosser
|
0-0: Ball 1-0: SOLO HOME RUN (Line Drive, 9D), Distance : 373 ft
|
Batting: RHB Miguel Luna
|
0-0: Ground out 6-3 (Groundball, 6)
|
Batting: LHB Ned Durand
|
0-0: Ball 1-0: Ground out 1-3 (Groundball, 13S)
|
Bottom of the 6th over - 1 run(s), 1 hit(s), 0 error(s), 0 left on base; Mancelona 6 - Idaho Falls 1 |
TOP OF THE 7TH |
Mancelona Torch batting - Pitching for Idaho Falls Chukars : RHP Folkert van Huizen
|
Batting: RHB Henry Lambright
|
0-0: Ball 1-0: Ball 2-0: Foul Ball, location: 2F 2-1: Foul Ball, location: 2F 2-2: Strikes out swinging
|
Pitching: RHP Lorenzo López
|
|
Batting: RHB Raúl Ruíz
|
0-0: Ball 1-0: Ball 2-0: Called Strike 2-1: Fly out, F8 (Flyball, 8RM)
|
Batting: RHB Juan Carlos Cruz
|
0-0: Ball 1-0: Swinging Strike 1-1: Swinging Strike 1-2: Foul Ball, location: 2F 1-2: SINGLE (Popup, 4MD)
|
Batting: RHB Bert Cook
|
0-0: Called Strike 0-1: Swinging Strike 0-2: Ball 1-2: Ball 2-2: SINGLE (Groundball, 6MD) Juan Carlos Cruz to second
|
Batting: RHB Jim Unknown
|
0-0: Called Strike 0-1: Ball 1-1: Ball 2-1: Called Strike 2-2: Ball 3-2: Base on Balls Juan Carlos Cruz to third Bert Cook to second
|
Batting: LHB José Hernández
|
0-0: Ball 1-0: Ball 2-0: Fly out, F7 (Flyball, 78M)
|
Top of the 7th over - 0 run(s), 2 hit(s), 0 error(s), 3 left on base; Mancelona 6 - Idaho Falls 1 |
BOTTOM OF THE 7TH |
Idaho Falls Chukars batting - Pitching for Mancelona Torch : LHP António Castillo
|
Batting: LHB Ramón Félix
|
0-0: Ball 1-0: Fly out, F3 (Popup, 23F)
|
Batting: RHB Adrian Rodgers
|
0-0: Ball 1-0: SINGLE (Groundball, 56D)
|
Batting: RHB Kenny Rush
|
0-0: SINGLE (Groundball, 34) Adrian Rodgers to second
|
Batting: RHB Ted Stephens
|
0-0: Called Strike 0-1: Foul Ball, location: 2F 0-2: Strikes out looking
|
Batting: SHB Juan Rivas
|
0-0: Called Strike 0-1: Ball 1-1: Ball 2-1: Foul Ball, location: 2F 2-2: Strikes out swinging
|
Bottom of the 7th over - 0 run(s), 2 hit(s), 0 error(s), 2 left on base; Mancelona 6 - Idaho Falls 1 |
TOP OF THE 8TH |
Mancelona Torch batting - Pitching for Idaho Falls Chukars : RHP Lorenzo López
|
Now at 2B: Lee Faught
|
|
Batting: RHB Freddy Carea
|
0-0: Called Strike 0-1: Called Strike 0-2: Ball 1-2: Ball 2-2: Fly out, F7 (Line Drive, 78M)
|
Batting: RHB Juan Báez
|
0-0: Ball 1-0: Foul Ball, location: 2F 1-1: Foul Ball, location: 2F 1-2: Ground out 6-3 (Groundball, 6M)
|
Batting: RHB Jim Unknown
|
0-0: Ball 1-0: Foul Ball, location: 2F 1-1: Ball 2-1: Fly out, F9 (Line Drive, 9M)
|
Top of the 8th over - 0 run(s), 0 hit(s), 0 error(s), 0 left on base; Mancelona 6 - Idaho Falls 1 |
BOTTOM OF THE 8TH |
Idaho Falls Chukars batting - Pitching for Mancelona Torch : LHP António Castillo
|
Pitching: RHP Jim Unknown
|
|
Batting: RHB Quigley Gibson
|
0-0: Ball 1-0: Foul Ball, location: 2F 1-1: Ball 2-1: Ball 3-1: Base on Balls
|
Batting: LHB Randy Schlosser
|
0-0: Ball 1-0: Foul Ball, location: 2F 1-1: Foul Ball, location: 2F 1-2: Strikes out swinging
|
Batting: RHB Miguel Luna
|
0-0: Called Strike 0-1: Fly out, F5 (Popup, 5S)
|
Batting: LHB Ned Durand
|
0-0: Ground out 4-3 (Groundball, 4)
|
Bottom of the 8th over - 0 run(s), 0 hit(s), 0 error(s), 1 left on base; Mancelona 6 - Idaho Falls 1 |
TOP OF THE 9TH |
Mancelona Torch batting - Pitching for Idaho Falls Chukars : RHP Lorenzo López
|
Batting: RHB Henry Lambright
|
0-0: Called Strike 0-1: Ball 1-1: Ball 2-1: Ball 3-1: Called Strike 3-2: Foul Ball, location: 2F 3-2: Foul Ball, location: 2F 3-2: Base on Balls
|
Batting: RHB Raúl Ruíz
|
0-0: Ball 1-0: Called Strike 1-1: Ball 2-1: Ball 3-1: Fielders Choice at 2nd, 1-6 (Groundball, 13)
|
Batting: RHB Juan Carlos Cruz
|
0-0: Called Strike 0-1: Foul Ball, location: 2F 0-2: Strikes out swinging
|
Batting: RHB Bert Cook
|
0-0: Ball Raúl Ruíz is caught stealing 2nd base
|
Top of the 9th over - 0 run(s), 0 hit(s), 0 error(s), 0 left on base; Mancelona 6 - Idaho Falls 1 |
BOTTOM OF THE 9TH |
Idaho Falls Chukars batting - Pitching for Mancelona Torch : RHP Jim Unknown
|
Pitching: RHP Jim Unknown
|
|
Batting: LHB Ramón Félix
|
0-0: Ball 1-0: Foul Ball, location: 2F 1-1: Ground out 1-3 (Groundball, 13S)
|
Batting: RHB Adrian Rodgers
|
0-0: Fly out, F4 (Popup, 4M)
|
Batting: RHB Kenny Rush
|
0-0: Ball 1-0: Ball 2-0: Foul Ball, location: 2F 2-1: Called Strike 2-2: Ball 3-2: Foul Ball, location: 2F 3-2: Fly out, F3 (Line Drive, 3S)
|
Bottom of the 9th over - 0 run(s), 0 hit(s), 0 error(s), 0 left on base; Mancelona 6 - Idaho Falls 1 |
|